[ AOE2 MATCH · #467208018 ]
Team RMGeorgians vs Franks
[ REPLAY ANALYSIS · EXTRACTED FROM THE RECORDED GAME ]
Feudal
11:23
Castle
15:02
Imperial
41:11
| APM avg | 42.9 |
| APM peak | 88 |
| eAPM avg | 26.0 |
| Villagers / military | 169 / 54 |
Focus
⚔️ 23.3% · 🌾 76.7%
Monaspa ×29 · Knight ×23 · Spearman ×2
Feudal
11:52
Castle
16:34
Imperial
41:11
| APM avg | 49.5 |
| APM peak | 101 |
| eAPM avg | 21.7 |
| Villagers / military | 131 / 57 |
Focus
⚔️ 22.1% · 🌾 77.9%
Spearman ×31 · Scorpion ×16 · Battering Ram ×6 · Fishing Ship ×5 · Mangonel ×2 · Monk ×2
Feudal
9:16
Castle
20:09
Imperial
37:34
| APM avg | 38.7 |
| APM peak | 81 |
| eAPM avg | 19.5 |
| Villagers / military | 131 / 202 |
Focus
⚔️ 20.4% · 🌾 79.6%
Knight ×147 · Scout Cavalry ×54 · Monk ×1
Feudal
11:35
Castle
25:52
Imperial
39:16
| APM avg | 40.9 |
| APM peak | 78 |
| eAPM avg | 18.4 |
| Villagers / military | 89 / 114 |
Focus
⚔️ 33.5% · 🌾 66.5%
Archer ×95 · Skirmisher ×6 · Mangonel ×5 · Spearman ×3 · Battering Ram ×3 · Trebuchet (Packed) ×2
Feudal
9:40
Castle
20:21
Imperial
37:09
| APM avg | 33.0 |
| APM peak | 71 |
| eAPM avg | 11.6 |
| Villagers / military | 102 / 85 |
Focus
⚔️ 27.9% · 🌾 72.1%
Archer ×78 · Trebuchet (Packed) ×6 · Mangonel ×1
Feudal
9:27
Castle
24:03
Imperial
—
| APM avg | 43.4 |
| APM peak | 79 |
| eAPM avg | 21.7 |
| Villagers / military | 80 / 101 |
Focus
⚔️ 25.9% · 🌾 74.1%
Archer ×101
Feudal
9:54
Castle
22:28
Imperial
—
| APM avg | 68.8 |
| APM peak | 116 |
| eAPM avg | 20.3 |
| Villagers / military | 108 / 160 |
Focus
⚔️ 21.4% · 🌾 78.6%
Knight ×148 · Scout Cavalry ×12
Feudal
8:54
Castle
24:20
Imperial
—
| APM avg | 61.5 |
| APM peak | 91 |
| eAPM avg | 25.0 |
| Villagers / military | 169 / 250 |
Focus
⚔️ 29.5% · 🌾 70.5%
Knight ×222 · Scout Cavalry ×28
Match map
Resources at game start + every placement click. Thick line = wall · dashed box = detected house wall. 🟡 gold · ⚪ stone · 🟢 berries · 🔶 boar · ⭕ relic
Inputs per minute
— kampert - - 3Q9527
Build order — kampert
First 150 of 419 actions detected
| 0:03 | Create | Villager (Male) |
| 0:03 | Create | Villager (Male) |
| 0:04 | Build | House |
| 0:05 | Build | House |
| 0:09 | Create | Villager (Male) |
| 0:09 | Create | Villager (Male) |
| 0:10 | Create | Villager (Male) |
| 1:26 | Create | Villager (Male) |
| 1:26 | Create | Villager (Male) |
| 2:05 | Create | Villager (Male) |
| 2:31 | Create | Villager (Male) |
| 2:32 | Create | Villager (Male) |
| 2:50 | Create | Villager (Male) |
| 2:50 | Create | Villager (Male) |
| 2:58 | Create | Villager (Male) |
| 2:58 | Create | Villager (Male) |
| 3:27 | Build | House |
| 3:27 | Build | House |
| 3:32 | Create | Villager (Male) |
| 3:48 | Create | Villager (Male) |
| 3:48 | Create | Villager (Male) |
| 3:54 | Build | Mule Cart |
| 3:57 | Build | Palisade Wall |
| 3:57 | Build | Palisade Wall |
| 3:57 | Build | Palisade Wall |
| 4:33 | Create | Villager (Male) |
| 4:34 | Create | Villager (Male) |
| 4:34 | Create | Villager (Male) |
| 4:51 | Build | Palisade Wall |
| 5:01 | Create | Villager (Male) |
| 5:01 | Create | Villager (Male) |
| 5:13 | Create | Villager (Male) |
| 5:41 | Build | Palisade Wall |
| 5:42 | Build | Palisade Wall |
| 5:42 | Build | Palisade Wall |
| 5:43 | Build | Palisade Wall |
| 5:43 | Build | Palisade Wall |
| 5:47 | Create | Villager (Male) |
| 5:47 | Create | Villager (Male) |
| 6:47 | Build | Mill |
| 7:12 | Build | Palisade Wall |
| 7:22 | Build | Palisade Wall |
| 7:23 | Build | Palisade Wall |
| 7:23 | Build | Palisade Wall |
| 7:24 | Build | Palisade Wall |
| 7:25 | Build | Palisade Wall |
| 7:30 | Create | Villager (Male) |
| 7:46 | Create | Villager (Male) |
| 7:47 | Create | Villager (Male) |
| 7:57 | Research | Loom |
| 8:35 | Build | House |
| 8:36 | Build | Palisade Wall |
| 8:43 | Build | House |
| 8:44 | Build | House |
| 8:51 | Research | Feudal Age |
| 10:00 | Build | Barracks |
| 11:23 | Age | Feudal Age |
| 11:25 | Build | Stable |
| 11:27 | Build | Blacksmith |
| 11:32 | Create | Villager (Male) |
| 11:32 | Create | Villager (Male) |
| 11:43 | Create | Spearman |
| 12:18 | Build | Mule Cart |
| 12:19 | Research | Castle Age |
| 12:20 | Research | Castle Age |
| 12:28 | Create | Spearman |
| 12:38 | Create | Villager (Male) |
| 12:40 | Build | House |
| 12:46 | Build | House |
| 12:49 | Build | Palisade Wall |
| 12:50 | Build | Palisade Wall |
| 13:08 | Create | Villager (Male) |
| 13:12 | Build | Watch Tower |
| 13:26 | Build | Palisade Wall |
| 14:10 | Build | Farm |
| 14:11 | Build | Farm |
| 14:26 | Research | Double-Bit Axe |
| 14:43 | Build | Farm |
| 15:02 | Age | Castle Age |
| 15:05 | Create | Villager (Male) |
| 15:08 | Build | Farm |
| 15:11 | Build | Farm |
| 15:31 | Create | Villager (Male) |
| 16:06 | Build | Town Center |
| 16:18 | Build | Watch Tower |
| 17:15 | Create | Villager (Male) |
| 17:16 | Create | Villager (Male) |
| 17:22 | Build | Farm |
| 17:27 | Create | Knight |
| 17:28 | Create | Villager (Male) |
| 18:00 | Create | Villager (Male) |
| 18:25 | Create | Knight |
| 18:29 | Build | Farm |
| 18:30 | Build | Farm |
| 18:31 | Build | Farm |
| 18:31 | Build | Farm |
| 18:53 | Create | Villager (Male) |
| 18:56 | Build | Farm |
| 19:15 | Create | Villager (Male) |
| 19:15 | Create | Villager (Male) |
| 19:35 | Create | Villager (Male) |
| 19:39 | Build | Farm |
| 19:57 | Create | Villager (Male) |
| 20:04 | Build | House |
| 20:05 | Build | Palisade Wall |
| 20:12 | Build | Farm |
| 20:13 | Create | Villager (Male) |
| 20:31 | Create | Villager (Male) |
| 20:31 | Create | Villager (Male) |
| 20:33 | Create | Villager (Male) |
| 20:53 | Create | Villager (Male) |
| 20:53 | Create | Villager (Male) |
| 21:09 | Build | House |
| 21:13 | Build | Palisade Wall |
| 21:18 | Create | Villager (Male) |
| 21:22 | Create | Villager (Male) |
| 21:23 | Create | Villager (Male) |
| 21:32 | Create | Villager (Male) |
| 21:35 | Build | Farm |
| 21:37 | Build | Farm |
| 21:38 | Build | Farm |
| 21:38 | Build | Farm |
| 21:41 | Build | Farm |
| 21:42 | Create | Villager (Male) |
| 21:47 | Build | Building 487 |
| 21:55 | Build | Stone Wall |
| 21:55 | Build | Stone Wall |
| 22:03 | Create | Villager (Male) |
| 22:09 | Create | Villager (Male) |
| 22:12 | Build | Farm |
| 22:14 | Build | Farm |
| 22:15 | Create | Villager (Male) |
| 22:31 | Create | Villager (Male) |
| 22:40 | Build | Castle |
| 23:10 | Create | Villager (Male) |
| 23:10 | Create | Villager (Male) |
| 23:11 | Create | Villager (Male) |
| 23:31 | Build | Farm |
| 23:32 | Build | Farm |
| 23:33 | Build | Farm |
| 23:46 | Create | Villager (Male) |
| 24:02 | Build | Farm |
| 24:03 | Create | Villager (Male) |
| 24:09 | Create | Villager (Male) |
| 24:19 | Create | Villager (Male) |
| 24:21 | Create | Villager (Male) |
| 24:24 | Build | Farm |
| 24:25 | Build | Farm |
| 24:28 | Build | Farm |
| 24:33 | Create | Villager (Male) |
Build order — 3Q9527
First 150 of 342 actions detected
| 0:04 | Create | Villager (Male) |
| 0:04 | Create | Villager (Male) |
| 0:04 | Create | Villager (Male) |
| 0:05 | Create | Villager (Male) |
| 0:06 | Build | House |
| 0:07 | Build | House |
| 1:26 | Build | Lumber Camp |
| 1:28 | Create | Villager (Male) |
| 2:18 | Create | Villager (Male) |
| 2:18 | Create | Villager (Male) |
| 2:30 | Create | Villager (Male) |
| 2:30 | Create | Villager (Male) |
| 2:59 | Create | Villager (Male) |
| 2:59 | Create | Villager (Male) |
| 3:31 | Create | Villager (Male) |
| 3:38 | Build | House |
| 3:54 | Create | Villager (Male) |
| 4:33 | Build | Dock |
| 4:49 | Research | Loom |
| 4:49 | Research | Loom |
| 5:08 | Create | Villager (Male) |
| 5:20 | Create | Villager (Male) |
| 5:27 | Build | House |
| 5:29 | Create | Fishing Ship |
| 5:32 | Create | Fishing Ship |
| 5:34 | Build | House |
| 5:40 | Create | Villager (Male) |
| 5:40 | Create | Villager (Male) |
| 6:28 | Create | Villager (Male) |
| 6:28 | Create | Villager (Male) |
| 6:38 | Build | Mill |
| 6:51 | Create | Villager (Male) |
| 6:51 | Create | Villager (Male) |
| 6:52 | Create | Fishing Ship |
| 7:05 | Create | Villager (Male) |
| 7:27 | Create | Villager (Male) |
| 7:27 | Create | Villager (Male) |
| 7:28 | Create | Villager (Male) |
| 7:42 | Create | Villager (Male) |
| 7:43 | Create | Villager (Male) |
| 8:09 | Create | Villager (Male) |
| 8:16 | Build | Mill |
| 9:22 | Build | Mining Camp |
| 9:42 | Research | Feudal Age |
| 11:05 | Create | Villager (Male) |
| 11:11 | Create | Villager (Male) |
| 11:22 | Create | Fishing Ship |
| 11:23 | Create | Fishing Ship |
| 11:52 | Age | Feudal Age |
| 12:01 | Build | Blacksmith |
| 12:05 | Build | Stone Wall |
| 12:06 | Build | Stone Wall |
| 12:13 | Create | Villager (Male) |
| 12:17 | Build | Market |
| 12:20 | Build | Stone Wall |
| 12:22 | Build | House |
| 12:32 | Build | House |
| 12:40 | Research | Double-Bit Axe |
| 12:41 | Create | Villager (Male) |
| 13:27 | Build | Building 665 |
| 13:30 | Build | Stone Wall |
| 13:37 | Build | Stone Wall |
| 13:40 | Build | Stone Wall |
| 13:47 | Build | Building 487 |
| 13:53 | Build | Stone Wall |
| 13:54 | Research | Castle Age |
| 13:54 | Research | Castle Age |
| 13:59 | Build | Mining Camp |
| 14:15 | Build | House |
| 14:23 | Build | Barracks |
| 14:29 | Research | Gold Mining |
| 14:29 | Research | Gold Mining |
| 14:46 | Build | Building 665 |
| 14:47 | Build | Stone Wall |
| 14:53 | Build | House |
| 14:54 | Build | House |
| 15:06 | Build | Building 487 |
| 15:10 | Build | House |
| 15:14 | Build | House |
| 15:20 | Build | Building 487 |
| 15:32 | Create | Spearman |
| 15:32 | Create | Spearman |
| 15:40 | Build | House |
| 15:57 | Create | Spearman |
| 16:01 | Create | Spearman |
| 16:26 | Build | Lumber Camp |
| 16:34 | Age | Castle Age |
| 16:34 | Build | Farm |
| 16:44 | Build | House |
| 16:49 | Research | Pikeman (upgrade) |
| 17:31 | Build | Siege Workshop |
| 17:35 | Create | Villager (Male) |
| 17:41 | Create | Villager (Male) |
| 18:01 | Create | Spearman |
| 18:03 | Create | Spearman |
| 18:05 | Create | Scorpion |
| 18:07 | Build | House |
| 18:09 | Create | Villager (Male) |
| 18:10 | Create | Villager (Male) |
| 18:11 | Create | Villager (Male) |
| 18:15 | Build | Farm |
| 18:20 | Build | Farm |
| 18:37 | Build | House |
| 18:41 | Create | Spearman |
| 18:44 | Create | Scorpion |
| 19:13 | Create | Scorpion |
| 20:08 | Create | Spearman |
| 20:08 | Create | Spearman |
| 20:09 | Create | Spearman |
| 20:19 | Create | Scorpion |
| 20:33 | Build | University |
| 20:56 | Create | Villager (Male) |
| 20:58 | Create | Scorpion |
| 21:01 | Research | Bow Saw |
| 21:01 | Research | Bow Saw |
| 21:05 | Build | Lumber Camp |
| 21:07 | Create | Villager (Male) |
| 21:10 | Create | Villager (Male) |
| 21:54 | Build | Siege Workshop |
| 22:09 | Create | Villager (Male) |
| 22:13 | Research | Ballistics |
| 22:13 | Research | Ballistics |
| 22:14 | Create | Villager (Male) |
| 22:14 | Create | Villager (Male) |
| 22:31 | Create | Battering Ram |
| 22:46 | Build | House |
| 22:51 | Create | Battering Ram |
| 22:51 | Create | Battering Ram |
| 23:02 | Create | Scorpion |
| 23:28 | Create | Spearman |
| 23:28 | Create | Spearman |
| 23:28 | Create | Spearman |
| 23:47 | Create | Scorpion |
| 23:56 | Create | Spearman |
| 23:57 | Create | Spearman |
| 23:57 | Create | Spearman |
| 24:04 | Build | Town Center |
| 24:12 | Create | Scorpion |
| 24:19 | Create | Spearman |
| 24:41 | Create | Battering Ram |
| 24:55 | Create | Battering Ram |
| 25:37 | Create | Scorpion |
| 25:43 | Create | Scorpion |
| 25:46 | Create | Scorpion |
| 25:46 | Create | Scorpion |
| 25:58 | Create | Battering Ram |
| 26:00 | Create | Scorpion |
| 26:03 | Create | Villager (Male) |
| 26:03 | Create | Villager (Male) |
| 26:07 | Build | Farm |
Build order — [SavBs] VoLB
First 150 of 362 actions detected
| 0:01 | Create | Villager (Male) |
| 0:01 | Create | Villager (Male) |
| 0:03 | Build | House |
| 0:04 | Build | House |
| 0:08 | Create | Villager (Male) |
| 0:08 | Create | Villager (Male) |
| 0:08 | Create | Villager (Male) |
| 0:12 | Create | Villager (Male) |
| 0:12 | Create | Villager (Male) |
| 1:26 | Create | Villager (Male) |
| 2:00 | Create | Villager (Male) |
| 2:01 | Create | Villager (Male) |
| 2:09 | Create | Villager (Male) |
| 2:10 | Create | Villager (Male) |
| 2:29 | Build | Lumber Camp |
| 3:27 | Build | House |
| 3:29 | Build | House |
| 3:41 | Create | Villager (Male) |
| 3:41 | Create | Villager (Male) |
| 3:42 | Create | Villager (Male) |
| 3:42 | Create | Villager (Male) |
| 4:41 | Build | Mill |
| 4:47 | Create | Villager (Male) |
| 5:41 | Create | Villager (Male) |
| 5:43 | Create | Villager (Male) |
| 5:44 | Research | Loom |
| 5:57 | Build | Mill |
| 7:03 | Research | Feudal Age |
| 7:04 | Research | Feudal Age |
| 7:49 | Build | Palisade Wall |
| 8:05 | Build | Barracks |
| 8:09 | Build | Palisade Wall |
| 8:26 | Create | Villager (Male) |
| 8:26 | Create | Villager (Male) |
| 9:00 | Build | House |
| 9:04 | Build | Palisade Wall |
| 9:16 | Age | Feudal Age |
| 9:23 | Build | Stable |
| 9:41 | Research | Double-Bit Axe |
| 9:43 | Create | Villager (Male) |
| 10:16 | Create | Scout Cavalry |
| 10:16 | Create | Scout Cavalry |
| 10:16 | Create | Scout Cavalry |
| 10:17 | Create | Scout Cavalry |
| 10:33 | Create | Villager (Male) |
| 10:43 | Create | Villager (Male) |
| 10:59 | Create | Villager (Male) |
| 11:04 | Build | House |
| 11:11 | Research | Horse Collar |
| 11:34 | Create | Villager (Male) |
| 11:37 | Build | Farm |
| 11:49 | Create | Villager (Male) |
| 11:52 | Build | House |
| 11:54 | Build | Farm |
| 11:55 | Create | Villager (Male) |
| 12:07 | Create | Scout Cavalry |
| 12:07 | Create | Scout Cavalry |
| 12:11 | Create | Villager (Male) |
| 12:13 | Build | Farm |
| 12:16 | Build | Farm |
| 12:20 | Build | Farm |
| 12:24 | Build | House |
| 12:46 | Build | Mining Camp |
| 13:05 | Create | Villager (Male) |
| 13:07 | Build | House |
| 13:09 | Build | Palisade Wall |
| 13:17 | Build | Farm |
| 13:24 | Research | Wheelbarrow |
| 13:32 | Build | Farm |
| 13:59 | Build | Farm |
| 14:00 | Build | Farm |
| 14:03 | Build | Farm |
| 14:05 | Build | Farm |
| 14:10 | Build | Palisade Wall |
| 14:38 | Build | Farm |
| 14:41 | Build | Farm |
| 15:19 | Create | Villager (Male) |
| 15:19 | Create | Villager (Male) |
| 15:49 | Build | Farm |
| 16:00 | Create | Villager (Male) |
| 16:06 | Build | Farm |
| 16:09 | Build | Farm |
| 16:11 | Build | Farm |
| 16:15 | Build | Farm |
| 16:20 | Create | Villager (Male) |
| 16:41 | Build | Blacksmith |
| 16:48 | Create | Villager (Male) |
| 17:29 | Research | Castle Age |
| 17:29 | Research | Castle Age |
| 17:34 | Research | Gold Mining |
| 17:57 | Build | Stable |
| 18:30 | Create | Villager (Male) |
| 18:30 | Create | Villager (Male) |
| 18:37 | Research | Scale Barding Armor |
| 18:39 | Research | Bloodlines |
| 19:08 | Build | House |
| 19:38 | Build | House |
| 19:39 | Build | Palisade Wall |
| 19:40 | Build | Palisade Wall |
| 19:59 | Build | Farm |
| 20:05 | Build | Farm |
| 20:09 | Age | Castle Age |
| 20:13 | Create | Villager (Male) |
| 20:19 | Create | Knight ×2 |
| 20:23 | Create | Knight |
| 20:28 | Research | Bow Saw |
| 20:31 | Create | Villager (Male) |
| 20:46 | Create | Villager (Male) |
| 20:54 | Build | Monastery |
| 21:19 | Create | Villager (Male) |
| 21:26 | Build | Town Center |
| 21:33 | Create | Villager (Male) |
| 21:51 | Build | Palisade Gate |
| 21:53 | Create | Monk |
| 21:55 | Create | Villager (Male) |
| 22:30 | Build | Market |
| 22:39 | Create | Knight ×2 |
| 22:51 | Create | Villager (Male) |
| 23:29 | Create | Knight |
| 23:35 | Build | House |
| 23:38 | Build | House |
| 23:39 | Create | Villager (Male) |
| 23:39 | Create | Villager (Male) |
| 23:41 | Create | Villager (Male) |
| 23:41 | Create | Villager (Male) |
| 23:42 | Create | Villager (Male) |
| 24:05 | Create | Knight |
| 24:05 | Create | Knight |
| 24:08 | Create | Villager (Male) |
| 24:16 | Research | Chain Barding Armor |
| 24:22 | Create | Knight ×3 |
| 24:26 | Build | House |
| 24:30 | Create | Villager (Male) |
| 24:32 | Create | Villager (Male) |
| 24:40 | Build | Lumber Camp |
| 24:49 | Create | Knight |
| 25:18 | Create | Knight ×2 |
| 25:18 | Create | Knight ×2 |
| 25:35 | Create | Villager (Male) |
| 25:38 | Create | Villager (Male) |
| 25:42 | Create | Villager (Male) ×5 |
| 25:46 | Build | Town Center |
| 25:54 | Research | Husbandry |
| 25:55 | Create | Knight ×2 |
| 25:55 | Create | Knight ×2 |
| 25:56 | Create | Villager (Male) |
| 25:59 | Build | House |
| 26:00 | Build | House |
| 26:01 | Create | Villager (Male) |
| 26:15 | Create | Knight |
Build order — Peperra Jr
First 150 of 267 actions detected
| 0:00 | Create | Villager (Male) |
| 0:01 | Create | Villager (Male) |
| 0:02 | Build | House |
| 0:03 | Build | House |
| 0:28 | Create | Villager (Male) |
| 0:29 | Create | Villager (Male) |
| 1:20 | Create | Villager (Male) |
| 1:49 | Create | Villager (Male) |
| 2:29 | Create | Villager (Male) |
| 2:48 | Create | Villager (Male) |
| 3:11 | Create | Villager (Male) |
| 3:37 | Build | House |
| 3:38 | Build | House |
| 3:59 | Create | Villager (Male) |
| 4:00 | Create | Villager (Male) |
| 4:00 | Create | Villager (Male) |
| 4:15 | Build | Mill |
| 4:31 | Create | Villager (Male) |
| 4:59 | Create | Villager (Male) |
| 5:06 | Build | Palisade Wall |
| 5:14 | Create | Villager (Male) |
| 5:36 | Build | Lumber Camp |
| 5:47 | Build | House |
| 5:51 | Build | Palisade Wall |
| 6:11 | Create | Villager (Male) |
| 6:53 | Create | Villager (Male) |
| 7:03 | Build | Palisade Wall |
| 7:15 | Create | Villager (Male) |
| 7:45 | Create | Villager (Male) |
| 8:06 | Build | Barracks |
| 8:10 | Create | Villager (Male) |
| 8:14 | Build | House |
| 8:31 | Create | Villager (Male) |
| 8:39 | Research | Loom |
| 9:05 | Research | Feudal Age |
| 9:32 | Build | House |
| 9:44 | Build | Palisade Wall |
| 10:14 | Build | Mining Camp |
| 10:24 | Create | Villager (Male) |
| 10:34 | Build | Lumber Camp |
| 10:55 | Build | Palisade Wall |
| 11:00 | Create | Villager (Male) |
| 11:26 | Create | Villager (Male) |
| 11:35 | Age | Feudal Age |
| 11:38 | Build | Archery Range |
| 11:44 | Build | Blacksmith |
| 11:45 | Build | Palisade Wall |
| 11:51 | Build | House |
| 11:53 | Build | Palisade Wall |
| 11:54 | Build | Palisade Wall |
| 12:02 | Create | Spearman |
| 12:21 | Build | Building 796 |
| 12:38 | Create | Archer |
| 12:40 | Create | Villager (Male) |
| 12:55 | Create | Villager (Male) |
| 12:59 | Create | Archer |
| 13:05 | Research | Double-Bit Axe |
| 13:14 | Build | Archery Range |
| 13:23 | Build | Mill |
| 13:27 | Create | Archer |
| 13:34 | Create | Spearman |
| 13:34 | Create | Spearman |
| 13:40 | Create | Villager (Male) |
| 13:50 | Build | Palisade Wall |
| 13:53 | Build | House |
| 13:53 | Build | House |
| 13:56 | Create | Archer |
| 14:14 | Build | House |
| 14:15 | Build | House |
| 14:28 | Create | Archer |
| 14:33 | Create | Archer |
| 14:47 | Create | Villager (Male) |
| 14:53 | Build | Watch Tower |
| 14:56 | Build | House |
| 15:00 | Create | Villager (Male) |
| 15:02 | Build | Palisade Wall |
| 15:13 | Create | Villager (Male) |
| 15:19 | Build | House |
| 15:21 | Build | House |
| 15:25 | Create | Villager (Male) |
| 16:26 | Build | Market |
| 16:29 | Create | Villager (Male) |
| 16:30 | Create | Villager (Male) |
| 17:08 | Research | Horse Collar |
| 17:09 | Create | Villager (Male) |
| 17:12 | Build | Lumber Camp |
| 17:29 | Create | Villager (Male) |
| 17:34 | Build | Farm |
| 17:45 | Build | Farm |
| 17:46 | Build | Farm |
| 17:46 | Build | Farm |
| 17:46 | Build | Farm |
| 17:46 | Build | Farm |
| 17:46 | Build | Farm |
| 17:46 | Build | Farm |
| 17:52 | Create | Villager (Male) |
| 17:53 | Build | Farm |
| 17:56 | Create | Archer |
| 18:00 | Research | Fletching |
| 18:00 | Research | Padded Archer Armor |
| 18:03 | Create | Villager (Male) |
| 18:17 | Create | Archer ×5 |
| 18:19 | Create | Villager (Male) |
| 18:32 | Create | Villager (Male) |
| 18:45 | Build | Farm |
| 18:45 | Build | Farm |
| 18:46 | Build | Farm |
| 18:46 | Build | Farm |
| 19:03 | Build | Stone Wall |
| 19:08 | Build | Stone Wall |
| 19:09 | Build | Stone Wall |
| 19:11 | Build | Stone Wall |
| 19:18 | Build | Stone Wall |
| 19:22 | Create | Archer |
| 19:22 | Create | Archer |
| 19:45 | Build | Farm |
| 19:46 | Build | Farm |
| 19:46 | Build | Farm |
| 19:46 | Build | Farm |
| 19:46 | Build | Farm |
| 19:52 | Create | Villager (Male) |
| 19:52 | Create | Villager (Male) |
| 20:03 | Build | Building 490 |
| 20:06 | Build | Stone Wall |
| 20:13 | Create | Villager (Male) |
| 20:18 | Create | Archer ×4 |
| 20:20 | Create | Villager (Male) |
| 20:36 | Build | Mining Camp |
| 21:10 | Build | House |
| 21:11 | Build | House |
| 21:11 | Build | House |
| 21:21 | Create | Villager (Male) |
| 21:25 | Build | Farm |
| 21:25 | Build | Farm |
| 21:26 | Build | Farm |
| 21:27 | Build | Farm |
| 21:35 | Build | Farm |
| 21:47 | Create | Villager (Male) |
| 21:52 | Create | Archer ×4 |
| 22:21 | Create | Villager (Male) |
| 22:43 | Create | Villager (Male) |
| 22:54 | Research | Castle Age |
| 23:13 | Research | Arson |
| 23:20 | Research | Gold Mining |
| 23:28 | Create | Skirmisher ×3 |
| 23:32 | Create | Skirmisher |
| 23:54 | Build | Farm |
| 24:05 | Research | Wheelbarrow |
| 24:55 | Create | Villager (Male) |
| 24:59 | Create | Skirmisher |
Build order — [SavBs] InTeamRed23
First 150 of 248 actions detected
| 0:01 | Create | Villager (Male) ×4 |
| 0:03 | Build | House |
| 0:05 | Build | House |
| 1:31 | Create | Villager (Male) |
| 1:31 | Create | Villager (Male) |
| 2:08 | Create | Villager (Male) |
| 2:08 | Create | Villager (Male) |
| 2:14 | Build | Lumber Camp |
| 2:28 | Create | Villager (Male) |
| 2:28 | Create | Villager (Male) |
| 2:53 | Create | Villager (Male) |
| 2:55 | Create | Villager (Male) |
| 3:35 | Build | House |
| 3:51 | Create | Villager (Male) |
| 3:51 | Create | Villager (Male) |
| 4:39 | Build | Mill |
| 4:42 | Create | Villager (Male) |
| 4:42 | Create | Villager (Male) |
| 4:43 | Create | Villager (Male) |
| 5:36 | Create | Villager (Male) |
| 5:38 | Create | Villager (Male) |
| 5:39 | Research | Loom |
| 6:47 | Build | House |
| 7:30 | Research | Feudal Age |
| 8:04 | Build | Palisade Wall |
| 8:13 | Build | House |
| 8:15 | Build | Palisade Wall |
| 8:26 | Build | Palisade Wall |
| 8:37 | Build | Mining Camp |
| 8:51 | Create | Villager (Male) |
| 8:52 | Create | Villager (Male) |
| 9:00 | Build | Barracks |
| 9:40 | Age | Feudal Age |
| 9:52 | Research | Double-Bit Axe |
| 9:59 | Build | Archery Range |
| 10:21 | Build | Palisade Wall |
| 10:24 | Build | Palisade Wall |
| 10:32 | Create | Villager (Male) |
| 10:33 | Create | Villager (Male) |
| 11:08 | Create | Archer |
| 11:08 | Create | Archer |
| 11:13 | Build | Palisade Gate |
| 11:14 | Create | Villager (Male) |
| 11:26 | Build | Blacksmith |
| 11:44 | Create | Villager (Male) |
| 11:47 | Create | Archer |
| 12:02 | Research | Horse Collar |
| 12:10 | Build | Mill |
| 12:22 | Create | Archer |
| 12:22 | Create | Archer |
| 12:39 | Create | Villager (Male) |
| 12:40 | Create | Villager (Male) |
| 12:50 | Build | House |
| 12:52 | Build | House |
| 13:27 | Build | Farm |
| 13:33 | Build | Farm |
| 13:35 | Build | Farm |
| 13:36 | Create | Villager (Male) |
| 13:40 | Build | Farm |
| 13:55 | Create | Archer |
| 14:10 | Build | Farm |
| 14:12 | Build | Farm |
| 14:21 | Create | Villager (Male) |
| 14:24 | Create | Archer |
| 14:34 | Build | Farm |
| 14:47 | Create | Villager (Male) |
| 14:56 | Build | Farm |
| 14:59 | Build | House |
| 15:48 | Create | Villager (Male) |
| 15:48 | Create | Villager (Male) |
| 15:54 | Build | Farm |
| 16:24 | Create | Villager (Male) |
| 17:16 | Create | Villager (Male) |
| 17:28 | Create | Archer |
| 17:29 | Create | Archer |
| 17:34 | Research | Castle Age |
| 18:04 | Create | Archer |
| 18:05 | Create | Archer |
| 18:05 | Create | Archer |
| 18:29 | Build | Archery Range |
| 18:33 | Build | House |
| 18:34 | Build | House |
| 19:09 | Build | Farm |
| 19:09 | Build | Farm |
| 19:09 | Build | Farm |
| 19:10 | Build | Farm |
| 19:10 | Build | Farm |
| 19:14 | Research | Fletching |
| 20:08 | Create | Villager (Male) |
| 20:12 | Create | Archer ×2 |
| 20:21 | Age | Castle Age |
| 20:23 | Build | Town Center |
| 20:27 | Create | Villager (Male) |
| 20:28 | Research | Heavy Plow |
| 20:35 | Research | Bow Saw |
| 20:42 | Research | Crossbowman (upgrade) |
| 20:47 | Research | Bodkin Arrow |
| 20:48 | Research | Bodkin Arrow |
| 20:58 | Create | Villager (Male) |
| 21:34 | Create | Archer |
| 21:34 | Create | Archer |
| 21:39 | Create | Villager (Male) |
| 21:48 | Create | Villager (Male) |
| 22:07 | Research | Padded Archer Armor |
| 22:08 | Create | Villager (Male) |
| 22:15 | Create | Archer |
| 22:32 | Create | Archer |
| 22:32 | Create | Archer |
| 22:36 | Build | University |
| 22:40 | Build | House |
| 22:48 | Create | Archer |
| 22:49 | Create | Archer |
| 22:50 | Create | Villager (Male) |
| 22:50 | Create | Villager (Male) |
| 22:54 | Create | Villager (Male) |
| 23:48 | Research | Thumb Ring |
| 23:49 | Create | Villager (Male) ×3 |
| 24:23 | Create | Villager (Male) |
| 24:24 | Create | Villager (Male) |
| 24:32 | Build | Siege Workshop |
| 24:43 | Create | Villager (Male) |
| 24:44 | Create | Villager (Male) |
| 24:56 | Create | Mangonel |
| 25:39 | Create | Villager (Male) |
| 25:55 | Build | House |
| 25:56 | Build | House |
| 25:59 | Research | Leather Archer Armor |
| 26:07 | Create | Archer |
| 26:09 | Create | Villager (Male) |
| 26:18 | Build | House |
| 26:19 | Build | House |
| 26:28 | Build | Archery Range |
| 26:33 | Create | Archer |
| 26:35 | Create | Villager (Male) |
| 27:13 | Create | Archer |
| 28:07 | Create | Villager (Male) |
| 28:07 | Create | Villager (Male) |
| 28:07 | Create | Villager (Male) |
| 28:35 | Build | Lumber Camp |
| 28:51 | Create | Villager (Male) ×5 |
| 29:17 | Build | Palisade Gate |
| 29:18 | Build | House |
| 29:50 | Create | Archer |
| 29:50 | Create | Archer |
| 29:53 | Create | Villager (Male) ×5 |
| 29:58 | Build | House |
| 30:00 | Build | House |
| 30:01 | Build | House |
| 30:02 | Build | House |
| 30:12 | Build | Town Center |
Build order — chrissi.pk
First 150 of 291 actions detected
| 0:02 | Create | Villager (Male) |
| 0:03 | Create | Villager (Male) |
| 0:03 | Create | Villager (Male) |
| 0:05 | Build | House |
| 0:08 | Build | House |
| 0:16 | Create | Villager (Male) |
| 0:16 | Create | Villager (Male) |
| 1:35 | Create | Villager (Male) |
| 1:35 | Create | Villager (Male) |
| 1:52 | Create | Villager (Male) |
| 1:53 | Build | Lumber Camp |
| 2:11 | Create | Villager (Male) |
| 2:12 | Create | Villager (Male) |
| 2:38 | Create | Villager (Male) |
| 2:38 | Create | Villager (Male) |
| 2:50 | Create | Villager (Male) |
| 3:05 | Build | House |
| 3:15 | Create | Villager (Male) |
| 3:31 | Create | Villager (Male) |
| 3:31 | Create | Villager (Male) |
| 3:55 | Create | Villager (Male) |
| 3:56 | Create | Villager (Male) |
| 4:41 | Create | Villager (Male) |
| 4:41 | Create | Villager (Male) |
| 4:48 | Build | Mill |
| 4:50 | Create | Villager (Male) |
| 5:36 | Create | Villager (Male) |
| 5:47 | Build | House |
| 6:16 | Create | Villager (Male) |
| 6:17 | Research | Loom |
| 6:24 | Build | Palisade Wall |
| 6:40 | Build | Mining Camp |
| 7:17 | Research | Feudal Age |
| 8:10 | Build | Barracks |
| 9:12 | Create | Villager (Male) |
| 9:27 | Age | Feudal Age |
| 9:34 | Build | Archery Range |
| 9:46 | Build | Archery Range |
| 9:58 | Build | Archery Range |
| 10:00 | Create | Villager (Male) |
| 10:01 | Create | Villager (Male) |
| 10:15 | Build | House |
| 10:29 | Create | Archer |
| 10:44 | Create | Villager (Male) |
| 10:53 | Build | Blacksmith |
| 10:58 | Build | House |
| 11:06 | Create | Villager (Male) |
| 11:19 | Create | Archer |
| 11:28 | Create | Archer |
| 11:43 | Create | Archer |
| 11:45 | Research | Fletching |
| 11:46 | Create | Villager (Male) |
| 11:49 | Create | Archer |
| 12:01 | Build | House |
| 12:05 | Create | Archer |
| 12:06 | Create | Archer |
| 12:18 | Create | Villager (Male) |
| 12:26 | Create | Archer |
| 12:37 | Create | Archer |
| 12:38 | Create | Villager (Male) |
| 12:58 | Create | Archer |
| 13:03 | Create | Archer |
| 13:05 | Create | Villager (Male) |
| 13:06 | Create | Villager (Male) |
| 13:20 | Create | Archer |
| 13:27 | Create | Villager (Male) |
| 13:34 | Build | House |
| 13:42 | Build | Mill |
| 14:03 | Build | House |
| 14:24 | Build | House |
| 14:27 | Build | House |
| 14:56 | Create | Villager (Male) |
| 14:56 | Create | Archer |
| 15:04 | Build | House |
| 15:06 | Build | Palisade Wall |
| 15:08 | Build | Building 804 |
| 16:10 | Create | Archer |
| 16:10 | Create | Archer |
| 16:12 | Create | Villager (Male) |
| 16:12 | Create | Villager (Male) |
| 16:13 | Create | Archer |
| 16:17 | Create | Villager (Male) |
| 16:21 | Create | Archer |
| 16:29 | Build | Farm |
| 16:32 | Build | Farm |
| 16:36 | Create | Archer |
| 16:36 | Create | Archer |
| 16:46 | Build | Farm |
| 16:55 | Create | Villager (Male) |
| 17:03 | Create | Archer |
| 17:20 | Create | Archer |
| 17:32 | Build | Palisade Gate |
| 17:36 | Create | Villager (Male) |
| 18:01 | Create | Archer |
| 18:07 | Build | Farm |
| 18:14 | Create | Villager (Male) |
| 18:16 | Build | Farm |
| 18:45 | Research | Wheelbarrow |
| 18:50 | Build | Farm |
| 19:16 | Build | Farm |
| 19:38 | Build | Farm |
| 20:22 | Create | Villager (Male) |
| 20:26 | Create | Villager (Male) |
| 20:30 | Build | Market |
| 20:45 | Create | Archer |
| 20:47 | Create | Archer |
| 20:50 | Create | Archer |
| 20:57 | Create | Archer |
| 21:03 | Build | Farm |
| 21:23 | Research | Castle Age |
| 21:35 | Build | Mining Camp |
| 21:41 | Create | Archer |
| 21:47 | Build | Lumber Camp |
| 21:51 | Create | Villager (Male) |
| 21:55 | Build | House |
| 21:57 | Build | House |
| 22:00 | Build | House |
| 22:07 | Create | Archer |
| 22:08 | Create | Archer |
| 22:09 | Create | Archer |
| 22:26 | Create | Archer |
| 22:40 | Create | Archer |
| 22:45 | Build | Farm |
| 22:46 | Create | Archer |
| 23:04 | Build | Farm |
| 23:10 | Research | Padded Archer Armor |
| 23:14 | Create | Archer |
| 23:39 | Build | Archery Range |
| 23:46 | Create | Archer |
| 23:55 | Build | House |
| 24:03 | Age | Castle Age |
| 24:11 | Research | Crossbowman (upgrade) |
| 24:19 | Research | Bodkin Arrow |
| 24:35 | Create | Archer |
| 24:36 | Create | Archer |
| 24:37 | Create | Archer |
| 24:46 | Build | Farm |
| 24:58 | Create | Villager (Male) |
| 25:00 | Create | Villager (Male) |
| 25:02 | Create | Archer |
| 25:03 | Create | Archer |
| 25:03 | Create | Archer |
| 25:05 | Create | Archer |
| 25:05 | Create | Archer |
| 25:26 | Create | Villager (Male) |
| 25:28 | Create | Archer |
| 25:29 | Create | Archer |
| 25:42 | Create | Archer |
| 25:52 | Create | Villager (Male) |
| 25:59 | Create | Villager (Male) |
Build order — Borracho11.PE
First 150 of 287 actions detected
| 0:02 | Create | Villager (Male) |
| 0:02 | Create | Villager (Male) |
| 0:03 | Build | House |
| 0:08 | Build | House |
| 0:08 | Create | Villager (Male) |
| 0:25 | Create | Villager (Male) |
| 0:26 | Create | Villager (Male) |
| 1:26 | Create | Villager (Male) |
| 1:26 | Create | Villager (Male) |
| 2:01 | Create | Villager (Male) |
| 2:27 | Create | Villager (Male) |
| 2:27 | Create | Villager (Male) |
| 2:30 | Build | Lumber Camp |
| 2:52 | Create | Villager (Male) |
| 3:13 | Create | Villager (Male) |
| 3:13 | Create | Villager (Male) |
| 3:13 | Create | Villager (Male) |
| 3:44 | Build | House |
| 3:59 | Build | House |
| 4:04 | Create | Villager (Male) |
| 4:13 | Create | Villager (Male) |
| 4:13 | Create | Villager (Male) |
| 4:20 | Build | Mill |
| 4:42 | Build | House |
| 4:49 | Create | Villager (Male) |
| 4:49 | Create | Villager (Male) |
| 5:07 | Build | Palisade Wall |
| 5:16 | Create | Villager (Male) |
| 5:20 | Build | Building 796 |
| 5:54 | Create | Villager (Male) |
| 6:13 | Research | Loom |
| 6:22 | Build | Palisade Wall |
| 6:24 | Build | Palisade Wall |
| 7:14 | Create | Villager (Male) |
| 7:44 | Research | Feudal Age |
| 7:44 | Research | Feudal Age |
| 7:53 | Build | Barracks |
| 8:18 | Build | Mill |
| 8:38 | Build | House |
| 9:03 | Build | Mill |
| 9:54 | Age | Feudal Age |
| 9:56 | Build | Stable |
| 9:57 | Create | Villager (Male) |
| 9:58 | Research | Double-Bit Axe |
| 9:58 | Research | Double-Bit Axe |
| 9:58 | Research | Double-Bit Axe |
| 10:11 | Create | Villager (Male) |
| 10:38 | Create | Villager (Male) |
| 10:49 | Create | Scout Cavalry |
| 10:49 | Create | Scout Cavalry |
| 10:49 | Create | Scout Cavalry |
| 10:53 | Create | Villager (Male) |
| 10:57 | Build | Farm |
| 11:08 | Create | Villager (Male) |
| 11:13 | Build | Blacksmith |
| 11:15 | Build | House |
| 11:29 | Build | Farm |
| 11:35 | Build | Farm |
| 11:42 | Create | Villager (Male) |
| 12:05 | Create | Villager (Male) |
| 12:10 | Build | Farm |
| 12:40 | Create | Scout Cavalry ×5 |
| 13:02 | Create | Villager (Male) |
| 13:14 | Create | Villager (Male) |
| 13:17 | Build | Farm |
| 13:17 | Build | Farm |
| 13:17 | Build | Farm |
| 13:17 | Build | Farm |
| 13:18 | Build | Farm |
| 13:34 | Create | Villager (Male) |
| 13:37 | Build | Farm |
| 13:40 | Research | Horse Collar |
| 13:53 | Create | Villager (Male) |
| 13:59 | Build | House |
| 14:01 | Build | House |
| 14:25 | Create | Villager (Male) |
| 14:44 | Research | Scale Barding Armor |
| 14:44 | Research | Scale Barding Armor |
| 15:07 | Create | Villager (Male) |
| 15:09 | Build | Farm |
| 15:11 | Build | Farm |
| 15:11 | Build | Farm |
| 15:42 | Create | Scout Cavalry ×3 |
| 15:43 | Create | Scout Cavalry |
| 16:13 | Create | Villager (Male) |
| 16:17 | Build | Farm |
| 16:17 | Build | Farm |
| 16:18 | Build | Farm |
| 16:18 | Build | Farm |
| 16:18 | Build | Farm |
| 16:18 | Build | Farm |
| 16:28 | Create | Villager (Male) |
| 16:35 | Create | Villager (Male) |
| 16:46 | Create | Villager (Male) |
| 16:49 | Build | Farm |
| 17:02 | Build | Mining Camp |
| 17:24 | Research | Wheelbarrow |
| 17:24 | Research | Wheelbarrow |
| 17:25 | Research | Wheelbarrow |
| 17:29 | Create | Villager (Male) |
| 18:45 | Create | Villager (Male) |
| 19:34 | Build | Farm |
| 19:48 | Research | Castle Age |
| 19:49 | Research | Castle Age |
| 20:14 | Build | Stable |
| 20:46 | Research | Gold Mining |
| 20:47 | Research | Gold Mining |
| 21:07 | Build | Stable |
| 21:36 | Research | Bloodlines |
| 21:36 | Research | Bloodlines |
| 21:36 | Research | Bloodlines |
| 22:28 | Age | Castle Age |
| 22:31 | Create | Knight ×4 |
| 22:37 | Create | Villager (Male) |
| 22:40 | Build | Town Center |
| 22:44 | Build | House |
| 22:45 | Build | House |
| 22:49 | Research | Chain Barding Armor |
| 22:49 | Research | Chain Barding Armor |
| 23:12 | Build | Town Center |
| 23:14 | Create | Villager (Male) |
| 23:15 | Create | Villager (Male) |
| 23:20 | Research | Gold Shaft Mining |
| 23:20 | Research | Gold Shaft Mining |
| 23:29 | Research | Husbandry |
| 23:29 | Create | Knight ×2 |
| 23:30 | Create | Knight ×2 |
| 23:37 | Create | Villager (Male) |
| 23:59 | Create | Knight |
| 24:08 | Build | House |
| 24:09 | Build | House |
| 24:13 | Create | Knight ×2 |
| 25:08 | Create | Knight ×3 |
| 25:09 | Create | Knight ×3 |
| 25:27 | Create | Knight |
| 25:29 | Create | Villager (Male) |
| 25:43 | Create | Knight ×2 |
| 25:43 | Create | Knight ×2 |
| 25:44 | Create | Knight ×2 |
| 25:46 | Build | House |
| 25:49 | Create | Villager (Male) |
| 25:53 | Build | Farm |
| 25:53 | Build | Farm |
| 25:53 | Build | Farm |
| 25:53 | Build | Farm |
| 25:54 | Build | Farm |
| 25:54 | Build | Farm |
| 26:02 | Create | Villager (Male) |
| 26:16 | Create | Knight |
| 26:17 | Create | Villager (Male) |
Build order — [SavBs] Der Habicht
First 150 of 450 actions detected
| 0:00 | Create | Villager (Male) |
| 0:00 | Create | Villager (Male) |
| 0:02 | Build | House |
| 0:02 | Build | House |
| 0:23 | Create | Villager (Male) |
| 0:23 | Create | Villager (Male) |
| 0:23 | Create | Villager (Male) |
| 1:29 | Create | Villager (Male) |
| 1:29 | Create | Villager (Male) |
| 1:49 | Build | Lumber Camp |
| 2:01 | Create | Villager (Male) |
| 2:02 | Create | Villager (Male) |
| 2:23 | Create | Villager (Male) |
| 2:23 | Create | Villager (Male) |
| 2:50 | Create | Villager (Male) |
| 2:50 | Create | Villager (Male) |
| 3:07 | Create | Villager (Male) |
| 3:08 | Create | Villager (Male) |
| 3:25 | Build | House |
| 3:38 | Create | Villager (Male) |
| 3:39 | Create | Villager (Male) |
| 3:45 | Create | Villager (Male) |
| 4:30 | Build | Mill |
| 4:33 | Create | Villager (Male) |
| 4:33 | Create | Villager (Male) |
| 4:42 | Create | Villager (Male) |
| 4:42 | Create | Villager (Male) |
| 5:05 | Create | Villager (Male) |
| 5:05 | Create | Villager (Male) |
| 5:05 | Create | Villager (Male) |
| 5:35 | Research | Loom |
| 6:44 | Research | Feudal Age |
| 6:44 | Research | Feudal Age |
| 6:49 | Build | Mill |
| 7:43 | Build | House |
| 8:07 | Build | Barracks |
| 8:52 | Create | Villager (Male) |
| 8:53 | Create | Villager (Male) |
| 8:54 | Age | Feudal Age |
| 9:27 | Build | Stable |
| 9:42 | Create | Villager (Male) |
| 9:43 | Create | Villager (Male) |
| 9:52 | Create | Villager (Male) |
| 9:53 | Create | Villager (Male) |
| 9:57 | Build | House |
| 10:11 | Create | Scout Cavalry |
| 10:11 | Create | Scout Cavalry |
| 10:11 | Create | Scout Cavalry |
| 10:29 | Create | Villager (Male) |
| 10:33 | Build | House |
| 10:43 | Research | Double-Bit Axe |
| 10:44 | Research | Double-Bit Axe |
| 10:48 | Create | Scout Cavalry |
| 10:48 | Create | Scout Cavalry |
| 10:57 | Build | Palisade Wall |
| 11:16 | Build | Palisade Wall |
| 11:19 | Build | Palisade Wall |
| 11:24 | Create | Scout Cavalry |
| 11:25 | Create | Scout Cavalry |
| 11:28 | Build | Farm |
| 11:30 | Create | Villager (Male) |
| 11:31 | Create | Villager (Male) |
| 11:35 | Create | Villager (Male) |
| 11:35 | Create | Villager (Male) |
| 11:36 | Create | Villager (Male) |
| 11:36 | Create | Villager (Male) |
| 11:47 | Build | Farm |
| 12:08 | Create | Villager (Male) |
| 12:08 | Create | Villager (Male) |
| 12:08 | Create | Villager (Male) |
| 12:10 | Build | Farm |
| 12:16 | Create | Villager (Male) |
| 12:16 | Create | Villager (Male) |
| 12:20 | Create | Scout Cavalry |
| 12:20 | Create | Scout Cavalry |
| 12:32 | Create | Scout Cavalry |
| 12:33 | Create | Scout Cavalry |
| 12:51 | Create | Scout Cavalry |
| 12:51 | Create | Scout Cavalry |
| 12:56 | Build | Farm |
| 12:58 | Build | Farm |
| 13:00 | Build | House |
| 13:07 | Create | Scout Cavalry |
| 13:08 | Create | Scout Cavalry |
| 13:16 | Create | Villager (Male) |
| 13:17 | Create | Villager (Male) |
| 13:17 | Create | Villager (Male) |
| 13:17 | Create | Villager (Male) |
| 13:28 | Build | Farm |
| 14:00 | Build | Farm |
| 14:00 | Build | Farm |
| 14:00 | Build | Farm |
| 14:00 | Build | Farm |
| 14:00 | Build | Farm |
| 14:14 | Build | Farm |
| 14:16 | Build | Farm |
| 14:42 | Create | Scout Cavalry ×4 |
| 14:42 | Create | Scout Cavalry ×4 |
| 14:45 | Build | House |
| 14:48 | Build | Farm |
| 14:49 | Build | Farm |
| 15:08 | Build | Lumber Camp |
| 15:09 | Create | Villager (Male) |
| 15:09 | Create | Villager (Male) |
| 15:09 | Create | Villager (Male) |
| 15:31 | Create | Scout Cavalry |
| 15:31 | Create | Scout Cavalry |
| 15:32 | Create | Scout Cavalry |
| 15:44 | Build | House |
| 15:45 | Create | Villager (Male) |
| 15:45 | Create | Villager (Male) |
| 15:49 | Build | Farm |
| 15:49 | Build | Farm |
| 15:50 | Build | Farm |
| 16:14 | Build | House |
| 16:15 | Create | Villager (Male) |
| 16:16 | Create | Villager (Male) |
| 16:16 | Create | Villager (Male) |
| 16:17 | Build | Farm |
| 16:24 | Build | Farm |
| 16:37 | Create | Villager (Male) |
| 16:38 | Create | Villager (Male) |
| 16:42 | Build | Farm |
| 16:43 | Build | Farm |
| 16:56 | Build | Farm |
| 17:01 | Create | Villager (Male) |
| 17:06 | Build | Mining Camp |
| 17:21 | Create | Scout Cavalry |
| 17:21 | Create | Scout Cavalry |
| 17:25 | Build | House |
| 17:38 | Build | Farm |
| 17:39 | Create | Villager (Male) |
| 17:44 | Build | Blacksmith |
| 18:07 | Build | House |
| 18:19 | Research | Wheelbarrow |
| 18:43 | Build | House |
| 19:05 | Build | House |
| 19:07 | Build | Farm |
| 19:08 | Build | Farm |
| 19:08 | Build | Farm |
| 19:08 | Build | Farm |
| 19:12 | Build | House |
| 19:14 | Build | Palisade Wall |
| 19:30 | Build | House |
| 20:03 | Build | Farm |
| 20:05 | Create | Villager (Male) |
| 20:37 | Create | Villager (Male) |
| 20:37 | Create | Villager (Male) |
| 20:40 | Build | Market |
| 21:13 | Build | Farm |
Match timeline
| 3:57 | kampert · wall_segment Palisade Wall x1 |
| 3:57 | kampert · wall_segment Palisade Wall x1 |
| 3:57 | kampert · wall_segment Palisade Wall x1 |
| 4:33 | 3Q9527 · first_building Dock |
| 4:51 | kampert · wall_segment Palisade Wall x1 |
| 5:06 | Peperra Jr · wall_segment Palisade Wall x4 |
| 5:07 | Borracho11.PE · wall_segment Palisade Wall x9 |
| 5:41 | kampert · wall_segment Palisade Wall x1 |
| 5:42 | kampert · wall_segment Palisade Wall x1 |
| 5:42 | kampert · wall_segment Palisade Wall x1 |
| 5:43 | kampert · wall_segment Palisade Wall x1 |
| 5:43 | kampert · wall_segment Palisade Wall x1 |
| 5:51 | Peperra Jr · wall_segment Palisade Wall x4 |
| 6:22 | Borracho11.PE · wall_segment Palisade Wall x1 |
| 6:24 | chrissi.pk · wall_segment Palisade Wall x4 |
| 6:24 | Borracho11.PE · wall_segment Palisade Wall x4 |
| 7:03 | Peperra Jr · wall_segment Palisade Wall x4 |
| 7:12 | kampert · wall_segment Palisade Wall x1 |
| 7:22 | kampert · wall_segment Palisade Wall x1 |
| 7:23 | kampert · wall_segment Palisade Wall x1 |
| 7:23 | kampert · wall_segment Palisade Wall x1 |
| 7:24 | kampert · wall_segment Palisade Wall x1 |
| 7:25 | kampert · wall_segment Palisade Wall x1 |
| 7:49 | [SavBs] VoLB · wall_segment Palisade Wall x12 |
| 7:53 | Borracho11.PE · first_building Barracks |
| 8:04 | [SavBs] InTeamRed23 · wall_segment Palisade Wall x8 |
| 8:05 | [SavBs] VoLB · first_building Barracks |
| 8:06 | Peperra Jr · first_building Barracks |
| 8:07 | [SavBs] Der Habicht · first_building Barracks |
| 8:09 | [SavBs] VoLB · wall_segment Palisade Wall x1 |
| 8:10 | chrissi.pk · first_building Barracks |
| 8:15 | [SavBs] InTeamRed23 · wall_segment Palisade Wall x4 |
| 8:26 | [SavBs] InTeamRed23 · wall_segment Palisade Wall x6 |
| 8:36 | kampert · wall_segment Palisade Wall x1 |
| 8:54 | [SavBs] Der Habicht · age_up feudal |
| 9:00 | [SavBs] InTeamRed23 · first_building Barracks |
| 9:04 | [SavBs] VoLB · wall_segment Palisade Wall x11 |
| 9:16 | [SavBs] VoLB · age_up feudal |
| 9:23 | [SavBs] VoLB · first_building Stable |
| 9:27 | chrissi.pk · age_up feudal |
| 9:27 | [SavBs] Der Habicht · first_building Stable |
| 9:34 | chrissi.pk · first_building Archery Range |
| 9:40 | [SavBs] InTeamRed23 · age_up feudal |
| 9:44 | Peperra Jr · wall_segment Palisade Wall x1 |
| 9:54 | Borracho11.PE · age_up feudal |
| 9:56 | Borracho11.PE · first_building Stable |
| 9:59 | [SavBs] InTeamRed23 · first_building Archery Range |
| 10:00 | kampert · first_building Barracks |
| 10:21 | [SavBs] InTeamRed23 · wall_segment Palisade Wall x3 |
| 10:24 | [SavBs] InTeamRed23 · wall_segment Palisade Wall x1 |
| 10:55 | Peperra Jr · wall_segment Palisade Wall x1 |
| 10:57 | [SavBs] Der Habicht · wall_segment Palisade Wall x8 |
| 11:16 | [SavBs] Der Habicht · wall_segment Palisade Wall x5 |
| 11:19 | [SavBs] Der Habicht · wall_segment Palisade Wall x2 |
| 11:23 | kampert · age_up feudal |
| 11:25 | kampert · first_building Stable |
| 11:35 | Peperra Jr · age_up feudal |
| 11:38 | Peperra Jr · first_building Archery Range |
| 11:45 | Peperra Jr · wall_segment Palisade Wall x1 |
| 11:52 | 3Q9527 · age_up feudal |
| 11:53 | Peperra Jr · wall_segment Palisade Wall x1 |
| 11:54 | Peperra Jr · wall_segment Palisade Wall x1 |
| 12:05 | 3Q9527 · wall_segment Stone Wall x1 |
| 12:06 | 3Q9527 · wall_segment Stone Wall x1 |
| 12:20 | 3Q9527 · wall_segment Stone Wall x2 |
| 12:49 | kampert · wall_segment Palisade Wall x1 |
| 12:50 | kampert · wall_segment Palisade Wall x6 |
| 13:09 | [SavBs] VoLB · wall_segment Palisade Wall x3 |
| 13:26 | kampert · wall_segment Palisade Wall x3 |
| 13:30 | 3Q9527 · wall_segment Stone Wall x1 |
| 13:37 | 3Q9527 · wall_segment Stone Wall x1 |
| 13:40 | 3Q9527 · wall_segment Stone Wall x1 |
| 13:50 | Peperra Jr · wall_segment Palisade Wall x4 |
| 13:53 | 3Q9527 · wall_segment Stone Wall x1 |
| 14:10 | [SavBs] VoLB · wall_segment Palisade Wall x10 |
| 14:23 | 3Q9527 · first_building Barracks |
| 14:47 | 3Q9527 · wall_segment Stone Wall x1 |
| 15:02 | kampert · age_up castle |
| 15:02 | Peperra Jr · wall_segment Palisade Wall x1 |
| 15:06 | chrissi.pk · wall_segment Palisade Wall x5 |
| 16:34 | 3Q9527 · age_up castle |
| 17:31 | 3Q9527 · first_building Siege Workshop |
| 17:32 | Peperra Jr · first_market_buy 100 food |
| 19:03 | Peperra Jr · wall_segment Stone Wall x1 |
| 19:08 | Peperra Jr · wall_segment Stone Wall x1 |
| 19:09 | Peperra Jr · wall_segment Stone Wall x1 |
| 19:11 | Peperra Jr · wall_segment Stone Wall x1 |
| 19:14 | [SavBs] Der Habicht · wall_segment Palisade Wall x1 |
| 19:18 | Peperra Jr · wall_segment Stone Wall x1 |
| 19:39 | [SavBs] VoLB · wall_segment Palisade Wall x1 |
| 19:40 | [SavBs] VoLB · wall_segment Palisade Wall x1 |
| 20:05 | kampert · wall_segment Palisade Wall x1 |
| 20:06 | Peperra Jr · wall_segment Stone Wall x1 |
| 20:09 | [SavBs] VoLB · age_up castle |
| 20:21 | [SavBs] InTeamRed23 · age_up castle |
| 20:54 | [SavBs] VoLB · first_building Monastery |
| 21:13 | kampert · wall_segment Palisade Wall x7 |
| 21:21 | chrissi.pk · first_market_buy 100 food |
| 21:39 | [SavBs] Der Habicht · first_market_sell 100 food |
| 21:55 | kampert · wall_segment Stone Wall x1 |
| 21:55 | kampert · wall_segment Stone Wall x1 |
| 22:22 | Peperra Jr · first_market_sell 100 wood |
| 22:28 | Borracho11.PE · age_up castle |
| 22:40 | kampert · first_building Castle |
| 23:22 | [SavBs] Der Habicht · wall_segment Palisade Wall x1 |
| 24:03 | chrissi.pk · age_up castle |
| 24:14 | [SavBs] VoLB · first_market_sell 100 food |
| 24:20 | [SavBs] Der Habicht · age_up castle |
| 24:32 | [SavBs] InTeamRed23 · first_building Siege Workshop |
| 25:52 | Peperra Jr · age_up castle |
| 26:26 | Peperra Jr · first_building Siege Workshop |
| 26:28 | [SavBs] Der Habicht · first_market_buy 100 wood |
| 29:10 | [SavBs] VoLB · first_market_buy 100 stone |
| 29:20 | kampert · first_building Monastery |
| 30:41 | kampert · wall_segment Stone Wall x1 |
| 30:41 | kampert · wall_segment Stone Wall x1 |
| 30:42 | kampert · wall_segment Stone Wall x1 |
| 30:42 | kampert · wall_segment Stone Wall x1 |
| 30:42 | kampert · wall_segment Stone Wall x1 |
| 30:48 | kampert · wall_segment Stone Wall x1 |
| 31:41 | kampert · first_building Siege Workshop |
| 31:49 | kampert · wall_segment Stone Wall x1 |
| 31:51 | kampert · wall_segment Stone Wall x1 |
| 33:35 | [SavBs] InTeamRed23 · first_market_buy 100 food |
| 35:40 | [SavBs] InTeamRed23 · first_building Castle |
| 36:22 | 3Q9527 · first_building Castle |
| 36:24 | [SavBs] VoLB · wall_segment Palisade Wall x3 |
| 36:26 | [SavBs] VoLB · wall_segment Palisade Wall x4 |
| 37:09 | [SavBs] InTeamRed23 · age_up imperial |
| 37:29 | chrissi.pk · first_building Castle |
| 37:34 | [SavBs] VoLB · age_up imperial |
| 37:56 | [SavBs] InTeamRed23 · first_market_sell 100 stone |
| 37:58 | kampert · first_market_sell 100 wood |
| 37:58 | 3Q9527 · first_market_sell 500 wood |
| 38:37 | [SavBs] VoLB · wall_segment Stone Wall x13 |
| 38:43 | 3Q9527 · first_building Monastery |
| 38:51 | [SavBs] VoLB · wall_segment Stone Wall x5 |
| 38:51 | Peperra Jr · first_building Castle |
| 38:53 | [SavBs] VoLB · wall_segment Stone Wall x10 |
| 38:55 | [SavBs] VoLB · wall_segment Stone Wall x4 |
| 38:57 | [SavBs] VoLB · wall_segment Stone Wall x2 |
| 39:13 | [SavBs] Der Habicht · first_building Monastery |
| 39:16 | Peperra Jr · age_up imperial |
| 40:31 | chrissi.pk · first_market_sell 100 wood |
| 41:11 | kampert · age_up imperial |
| 41:11 | 3Q9527 · age_up imperial |
| 42:24 | kampert · resign |
| 42:52 | Borracho11.PE · first_market_sell 100 stone |
[ AI ANALYSIS · 1 CREDIT ]
What really happened in this match?
Wolo.gg analyzes every decision: build order, eco, micro, common mistakes by bracket. Personalized analysis on WhatsApp or Discord in 30 seconds.
Civ guide
Georgians
Map guide
MegaRandom
Perfil
kampert